 Dungeon Crawl Stone Soup version 0.28-a0-769-g550dbda0cd (webtiles) character file.

Game seed: 10364307091524701487

58248 jasper the Severer (level 14, -6/103 HPs)
             Began as a Demonspawn Cinder Acolyte on Oct 31, 2021.
             Was a Follower of Kikubaaqudgha.
             Killed from afar by an ironbound frostheart (19 damage)
             ... by creeping frost
             ... in an ice cave.
             The game lasted 00:38:52 (21490 turns).

jasper the Severer (Demonspawn Cinder Acolyte)     Turns: 21490, Time: 00:38:53

Health: -6/103     AC: 22    Str: 17    XL:     14   Next: 48%
Magic:  16/17      EV: 10    Int: 23    God:    Kikubaaqudgha [*.....]
Gold:   1249       SH: 16    Dex: 10    Spells: 3/17 levels left

rFire   . . .      SeeInvis .   v - +0 war axe (elec)
rCold   + + +      Faith    .   E - +0 kite shield
rNeg    + + +      Spirit   .   O - +0 pearl dragon scales
rPois   .          Reflect  .   k - +1 helmet
rElec   .          Harm     .   H - +2 cloak
rCorr   .          Rampage  .   w - +0 pair of gloves
Will    +....                   (boots unavailable)
Stlth   ..........              h - amulet of Fuaf {rN+ Regen+ Str+3}
HPRegen 1.27/turn               I - +4 ring of slaying
MPRegen 0.30/turn               b - ring "Daepod" {rC+++ rN+ Str-3}

@: mighty, wereblooded, frozen, studying Air Magic, fire susceptible, very slow
A: hooves 3, icemail 1, magic regeneration, big brain 3, condensation shield
a: Renounce Religion, Receive Corpses


You were in an ice cave.
You worshipped Kikubaaqudgha.
Kikubaaqudgha was aware of your devotion.
You visited 3 branches of the dungeon, and saw 19 of its levels.
You also visited: Ice Cave.

You collected 1381 gold pieces.
You spent 132 gold pieces at shops.

Inventory:

Hand Weapons
 a - a +0 hand axe of flaming
 v - a +0 war axe of electrocution (weapon)
Missiles
 c - 5 atropa-tipped darts
 j - 339 stones (quivered)
 m - 5 datura-tipped darts
 o - 35 poisoned darts
 F - a throwing net
 X - 5 curare-tipped darts
Armour
 k - a +1 helmet (worn)
 w - a +0 pair of gloves (worn)
 E - a +0 kite shield (worn)
 H - a +2 cloak (worn)
 O - +0 pearl dragon scales (worn)
Jewellery
 b - the ring "Daepod" (right hand) {rC+++ rN+ Str-3}
   (You acquired it on level 7 of the Dungeon)

   [ring of positive energy]

   Str:       It affects your strength (-3).
   rC:        It renders you almost immune to cold.
   rN:        It protects you from negative energy.
 e - an amulet of the acrobat
 h - the amulet of Fuaf (around neck) {rN+ Regen+ Str+3}
   (You acquired it on level 6 of the Dungeon)

   [amulet of regeneration]

   Str:       It affects your strength (+3).
   rN:        It protects you from negative energy.
   Regen:     It increases your rate of health regeneration.
 q - a +6 ring of strength
 s - a ring of magical power
 u - a ring of fire
 y - a ring of magical power
 A - a ring of protection from cold
 I - a +4 ring of slaying (left hand)
 S - a ring of poison resistance
 T - a ring of wizardry
Wands
 l - a wand of acid (25)
 z - a wand of polymorph (29)
 D - a wand of flame (11)
 M - a wand of paralysis (10)
 N - a wand of digging (18)
 R - a wand of mindburst (30)
Scrolls
 g - a scroll of amnesia
 i - 11 scrolls of identify
 x - 4 scrolls of teleportation
 C - a scroll of brand weapon
 J - 2 scrolls of enchant weapon
 K - 2 scrolls of immolation
 Q - 3 scrolls of magic mapping
 W - a scroll of fog
 Z - 2 scrolls of summoning
Potions
 d - 2 potions of ambrosia
 f - 9 potions of curing
 n - 3 potions of flight
 t - 2 potions of mutation
 G - 2 potions of magic
 P - 2 potions of cancellation
 U - a potion of lignification
 V - a potion of might
 Y - a potion of heal wounds


   Skills:
 + Level 7.6 Fighting
 - Level 16.0 Axes
 + Level 3.6 Armour
 + Level 4.7 Dodging
 - Level 15.0 Shields
 + Level 2.0 Spellcasting
 * Level 3.0 Necromancy
 - Level 2.6 Fire Magic


You had 3 spell levels left.
You knew the following spells:

 Your Spells              Type           Power      Damage    Failure   Level
a - Simulacrum            Ice/Necr       4%         N/A       100%        6
b - Animate Skeleton      Necr           32%        N/A       6%          1
c - Vampiric Draining     Necr           8%         2d7       17%         3
d - Sublimation of Blood  Necr           8%         N/A       9%          2
e - Wereblood             Tmut           2%         N/A       32%         2

Your spell library contained the following spells:

 Spells                   Type           Power      Damage    Failure   Level
 Pain                     Necr           64%        1d7       6%          1
 Scorch                   Fire           28%        2d6       11%         2
 Corpse Rot               Necr/Air       18%        N/A       17%         2
 Freeze                   Ice            8%         1d3       21%         1
 Frozen Ramparts          Ice            4%         1d2       52%         3
 Hailstorm                Conj/Ice       2%         3d3       88%         4
 Borgnjor's Vile Clutch   Necr/Erth      4%         N/A       95%         5
 Alistair's Intoxication  Tmut/Pois      1%         N/A       99%         5
 Freezing Cloud           Conj/Ice/Air   1%         6-21      99%         5
 Eringya's Noxious Bog    Tmut/Pois      1%         N/A       100%        6
 Summon Hydra             Summ           1%         N/A       100%        7
 Polar Vortex             Ice            1%         N/A       100%        9


Dungeon Overview and Level Annotations

Branches:
Dungeon (12/15)            Temple (1/1) D:4            Lair (6/6) D:9
  Swamp (0/4) Lair:3        Snake (0/4) Lair:4        Slime (0/5) Lair:6
    Orc (0/2) D:12          IceCv (1/1)

Altars:
Ashenzari
Cheibriados
Dithmenos
Elyvilon
Fedhas
Gozag
Hepliaklqana
Kikubaaqudgha
Makhleb
Nemelex Xobeh
Okawaru
Qazlal
Ru
Sif Muna
Trog
Uskayaw
Vehumet
Wu Jian
Xom
Yredelemnul
Zin
The Shining One
Jiyva

Shops:
D:2 !   D:10 (


Innate Abilities, Weirdness & Mutations

You have hooves in place of feet.
A meltable icy envelope protects you from harm. (AC +4)
You regenerate magic rapidly.
You have an absolutely massive brain. (Int +6, Wiz)
A meltable shield of frost defends you. (SH +4)


Message History

The ironbound frostheart calls freezing cold from the walls.
The frost grips you but does no damage.
You regained 27 hp, and now have 49/103 hp.
You feel very mighty all of a sudden. The ice encasing you melts away.
You block the death yak's attack. The ironbound frostheart touches you!
The ironbound frostheart freezes you. You resist.
The ironbound frostheart calls freezing cold from the walls.
The frost grips you! You partially resist.
* * * LOW HITPOINT WARNING * * *
You are encased in ice.
You take 21 damage, and have 28/103 hp.
MASSIVE DAMAGE!!
You feel much better. You block the death yak's attack.
The ironbound frostheart calls freezing cold from the walls.
The frost grips you! You partially resist.
You regained 17 hp, and now have 45/103 hp.
Your pearl dragon scales prevents you from hitting the ironbound frostheart.
You kick the ironbound frostheart!
The ironbound frostheart is almost dead.
You barely miss the death yak.
You block the ironbound frostheart's attack.
The death yak gores you but does no damage.
You slice the ironbound frostheart!!
You feel a bit better.
You kill the ironbound frostheart!
Kikubaaqudgha accepts your kill.
You slash the death yak!
The ironbound frostheart calls freezing cold from the walls.
The frost grips you!! You partially resist.
* * * LOW HITPOINT WARNING * * *
Your Spellcasting skill increases to level 2!
Your Necromancy skill increases to level 3!
You take 19 damage, and have 27/103 hp.
You hit the death yak. You kick the death yak!
The death yak is moderately wounded.
The death yak gores you!
* * * LOW HITPOINT WARNING * * *
The ironbound frostheart calls freezing cold from the walls.
The frost grips you!! You partially resist.
You die...
Kikubaaqudgha rasps: "You have failed me!
Welcome... death!"

#≈≈≈≈≈
#≈≈≈≈≈#≈≈#
##≈≈≈≈
≈≈≈≈≈≈≈≈## ..≈≈
≈≈≈≈≈≈≈≈##
≈≈≈≈≈≈≈#.#
#≈≈≈≈≈≈#.##
###≈≈≈≈≈≈##.#
##.##≈≈#≈≈##.#
##†...#≈##≈#..#
#Y@##....###..#
#kY###.#.###...#
..ph. #.###
#...# .....h#
##..###..##
#..... #.###..##
#....# ##.##.##
#.... #.##..#
##..# ##.##.##
##.##..##


You could see 2 death yaks, an ironbound frostheart, 2 polar bears and a rime
drake.

Vanquished Creatures
  2 dire elephants (Lair:6)
  Josephine (D:11)
  Erolcha (D:9)
  A boulder beetle (Lair:6)
  7 hydras
  Erica (D:11)
  An ironbound frostheart (IceCv)
  2 two-headed ogres
  A spectral dire elephant (Lair:6)
  8 death yaks
  Sonja (Lair:5)
  2 ugly things
  A cyclops (D:12)
  A manticore (D:11)
  An elephant (Lair:6)
  An ice statue (IceCv)
  5 cane toads
  5 torpor snails
  3 black mambas
  An unseen horror (shapeshifter) (D:8)
  4 orange demons (D:10)
  3 rime drakes
  An unseen horror (D:5)
  6 komodo dragons
  2 red devils (D:10)
  3 trolls
  6 polar bears
  9 blink frogs
  9 dream sheep (Lair:4)
  3 wraiths (D:11)
  2 wyverns
  81 yaks
  A vampire (D:11)
  Eustachio (D:6)
  4 fire elementals (IceCv)
  A death yak simulacrum (Lair:6)
  3 basilisks
  A steam dragon (D:8)
  2 nagas (Lair:4)
  2 acid dragons
  2 spectral cane toads (Lair:6)
  Duvessa (D:6)
  Menkaure (D:5)
  17 water moccasins
  9 orc warriors
  A hornet zombie (D:4)
  4 black bears
  50 wolves
  2 necrophages
  4 ogres
  3 centaurs
  2 phantoms (D:5)
  A kobold brigand (D:9)
  13 bullfrogs
  A gnoll sergeant (D:10)
  A scorpion (D:9)
  Dowan (D:6)
  A water moccasin skeleton (D:5)
  41 killer bees
  8 wights
  2 electric eels (Lair:6)
  5 howler monkeys
  5 centaur zombies
  3 bullfrog zombies
  3 centaur skeletons
  3 hounds
  A gnoll shaman (D:5)
  6 orc priests
  A jelly (D:6)
  Crazy Yiuf (D:3)
  A bullfrog skeleton (D:6)
  5 iguanas
  Ijyb (D:5)
  11 orc wizards
  2 killer bee zombies (D:8)
  2 hound skeletons
  A howler monkey zombie (D:9)
  6 gnolls
  10 river rats
  A shadow imp (D:7)
  A white imp (D:5)
  An ufetubus (D:7)
  5 dart slugs
  28 orcs
  8 endoplasms
  8 giant cockroaches
  9 goblins
  7 hobgoblins
  9 jackals
  12 quokkas
  12 ball pythons
  7 bats
  2 frilled lizards (D:2)
  9 kobolds
  20 rats
  A spectral hobgoblin (D:3)
562 creatures vanquished.

Vanquished Creatures (others)
  An orc (D:9)
  151 foxfires
  58 fungi
  62 plants
  7 withered plants (Lair:6)
279 creatures vanquished.

Grand Total: 841 creatures vanquished

Notes
Turn   | Place    | Note
-------+----------+-------------------------------------------
     0 | D:1      | jasper the Demonspawn Cinder Acolyte began the quest for
                  | the Orb.
     0 | D:1      | Reached XP level 1. HP: 18/18 MP: 2/2
    20 | D:1      | Noticed a death yak
    29 | D:1      | Reached skill level 3 in Axes
    31 | D:1      | Noticed an eight-headed hydra
   325 | D:1      | Gained mutation: You have large cloven feet. [demonic
                  | ancestry]
   325 | D:1      | Reached XP level 2. HP: 10/24 MP: 3/3
  1188 | D:1      | Gained mutation: A meltable shield of frost defends you.
                  | (SH +4) [demonic ancestry]
  1188 | D:1      | Reached XP level 3. HP: 24/29 MP: 4/4
  1401 | D:1      | Reached skill level 4 in Axes
  2195 | D:2      | Found a shadowy altar of Dithmenos.
  2736 | D:2      | You fall into a shaft and drop 2 floors!
  2736 | D:4      | Noticed an ogre
  2738 | D:4      | Killed an ogre
  2739 | D:4      | Reached skill level 5 in Axes
  2739 | D:4      | Reached XP level 4. HP: 35/35 MP: 5/5
  2739 | D:4      | Gained mutation: You regenerate magic rapidly. [demonic
                  | ancestry]
  2739 | D:4      | Reached XP level 5. HP: 41/41 MP: 6/6
  2749 | D:3      | Found a faded altar of an unknown god.
  2778 | D:3      | Found a broken altar of Ashenzari.
  2953 | D:2      | Found Ecwytaakk's Distillery.
  2961 | D:2      | Bought a potion of curing for 36 gold pieces
  2961 | D:2      | Bought a potion of heal wounds for 60 gold pieces
  2961 | D:2      | Bought a potion of curing for 36 gold pieces
  3543 | D:3      | Found an opulent altar of Gozag.
  3727 | D:3      | You fall into a shaft and drop 3 floors!
  3751 | D:6      | Reached skill level 6 in Axes
  3905 | D:6      | Noticed Eustachio
  3924 | D:6      | Killed Eustachio
  3925 | D:6      | Gained mutation: You have hoof-like feet. [demonic
                  | ancestry]
  3925 | D:6      | Reached XP level 6. HP: 47/47 MP: 7/7
  4055 | D:6      | Found an ornate altar of the Wu Jian Council.
  4246 | D:6      | Reached skill level 7 in Axes
  4410 | D:6      | Gained mutation: You have an unusually large brain. (Int
                  | +2) [demonic ancestry]
  4410 | D:6      | Reached XP level 7. HP: 42/52 MP: 8/8
  4428 | D:6      | Noticed Duvessa
  4430 | D:6      | Noticed Dowan
  4437 | D:5      | Entered Level 5 of the Dungeon
  4651 | D:4      | Reached skill level 8 in Axes
  4889 | D:3      | Found a runed translucent door.
  4890 | D:3      | Noticed Crazy Yiuf
  5142 | D:4      | Learned a level 2 spell: Scorch
  5144 | D:4      | Learned a level 1 spell: Animate Skeleton
  5148 | D:4      | Learned a level 3 spell: Vampiric Draining
  5406 | D:4      | Found a staircase to the Ecumenical Temple.
  5717 | D:4      | Reached skill level 9 in Axes
  5717 | D:4      | Gained mutation: You have an extremely huge brain. (Int +4)
                  | [demonic ancestry]
  5717 | D:4      | Reached XP level 8. HP: 54/58 MP: 9/9
  5979 | D:5      | Noticed Ijyb
  6570 | D:6      | Killed Duvessa
  6576 | D:6      | HP: 1/58 [ogre (18)]
  6579 | D:6      | Reached skill level 10 in Axes
  6582 | D:6      | Killed Dowan
  6786 | D:6      | Identified a scroll of acquirement
  6786 | D:6      | Acquired the amulet of Fuaf {rN+ Regen+ Str+3}
  7434 | D:6      | Found a shadowy altar of Dithmenos.
  7736 | D:6      | Reached skill level 1 in Dodging
  7984 | D:7      | Acquired the ring "Daepod" {rC+++ rN+ Str-3}
  8020 | D:7      | Reached XP level 9. HP: 65/65 MP: 10/10
  8258 | D:7      | Reached skill level 11 in Axes
  8802 | D:8      | Found a shimmering blue altar of Sif Muna.
  8932 | D:8      | Found a sparkling altar of Nemelex Xobeh.
  8985 | D:8      | Killed an unseen horror
  9014 | D:8      | Noticed a troll
  9128 | D:8      | Killed a troll
  9129 | D:8      | Reached skill level 5 in Fighting
  9873 | D:9      | Identified the +4 scale mail of Death's Door {Harm Int+4}
  9886 | D:9      | Reached skill level 12 in Axes
  9906 | D:9      | Gained mutation: You have hooves in place of feet. [demonic
                  | ancestry]
  9906 | D:9      | Reached XP level 10. HP: 9/74 MP: 11/11
 10011 | D:9      | Noticed Erolcha
 10134 | D:10     | Entered Level 10 of the Dungeon
 10164 | D:10     | Found an ancient bone altar of Kikubaaqudgha.
 10164 | D:10     | Found a bloodstained altar of Trog.
 10356 | D:10     | Found a basalt altar of Yredelemnul.
 10398 | D:10     | Noticed an orange demon
 10463 | D:11     | Noticed a brown ugly thing
 10463 | D:11     | Noticed a two-headed ogre
 10531 | D:10     | Noticed an orange demon
 10762 | D:3      | Killed Crazy Yiuf
 10862 | D:5      | Killed Ijyb
 10884 | D:5      | Reached skill level 1 in Shields
 11324 | D:5      | Noticed Menkaure
 11327 | D:5      | Killed Menkaure
 11434 | D:5      | Identified the +3 chain mail "Kyvelergh" {Fly Dex-5 SInv}
 11846 | D:9      | Killed Erolcha
 12050 | D:9      | Reached skill level 13 in Axes
 12121 | D:9      | Found a staircase to the Lair.
 12308 | D:10     | Gained mutation: You have an absolutely massive brain. (Int
                  | +6, Wiz) [demonic ancestry]
 12308 | D:10     | Reached XP level 11. HP: 16/84 MP: 12/12
 12346 | D:10     | Learned a level 6 spell: Simulacrum
 12515 | D:10     | Reached skill level 1 in Armour
 12817 | D:10     | Found Lyzaf's Antique Weapon Boutique.
 12939 | D:10     | Killed a brown ugly thing
 13067 | D:11     | Noticed a two-headed ogre
 13074 | D:11     | Killed a two-headed ogre
 13164 | D:11     | Noticed Josephine
 13173 | D:11     | Reached skill level 14 in Axes
 13174 | D:11     | Killed Josephine
 13175 | D:11     | Reached skill level 5 in Shields
 13331 | D:11     | Noticed Erica
 13331 | D:11     | Noticed a six-headed hydra
 13357 | D:11     | Killed Erica
 13357 | D:11     | Killed a six-headed hydra
 13394 | D:11     | Reached skill level 15 in Axes
 13758 | D:10     | Killed a two-headed ogre
 13811 | Lair:1   | Entered Level 1 of the Lair of Beasts
 13825 | Lair:1   | Reached XP level 12. HP: 81/91 MP: 13/13
 14608 | Lair:2   | Reached skill level 16 in Axes
 15675 | Lair:3   | Found a staircase to the Swamp.
 16399 | Lair:4   | Noticed an eight-headed hydra
 16409 | Lair:3   | Killed a four-headed hydra
 16410 | Lair:3   | Gained mutation: A meltable icy envelope protects you from
                  | harm. (AC +4) [demonic ancestry]
 16410 | Lair:3   | Reached XP level 13. HP: 28/96 MP: 14/14
 16501 | Lair:4   | Reached skill level 10 in Shields
 16804 | Lair:4   | Found a snail-covered altar of Cheibriados.
 16885 | Lair:4   | You fall into a shaft and drop 2 floors!
 16885 | Lair:6   | Entered Level 6 of the Lair of Beasts
 17081 | Lair:4   | Learned a level 2 spell: Sublimation of Blood
 17084 | Lair:4   | Learned a level 2 spell: Wereblood
 17666 | Lair:4   | Found a staircase to the Snake Pit.
 18082 | Lair:5   | Noticed Sonja
 18093 | Lair:5   | Killed Sonja
 19197 | Lair:6   | Reached XP level 14. HP: 77/103 MP: 15/15
 19275 | Lair:6   | Found a viscous altar of Jiyva.
 19275 | Lair:6   | Found a staircase to the Slime Pits.
 19880 | Temple   | Entered the Ecumenical Temple
 20422 | D:10     | Fell from the grace of Ignis
 20422 | D:10     | Became a worshipper of Kikubaaqudgha
 20578 | D:12     | Found a frozen archway.
 20587 | IceCv    | Entered an ice cave
 20754 | IceCv    | Reached skill level 15 in Shields
 20755 | IceCv    | Reached * piety under Kikubaaqudgha
 20755 | IceCv    | Received a gift from Kikubaaqudgha
 20824 | IceCv    | Reached skill level 1 in Necromancy
 21490 | IceCv    | Killed from afar by an ironbound frostheart

Illustrated notes

Levels and vault maps discovered:
D:1:      sevenhm_arrival_forest_fort_small_2, layout_loops_ring,
          hangedman_decor_push, minmay_pentomino_x4
D:2:      layout_loops_corners, serial_shops, shop, basic_altar,
          kennysheep_generic_room_11
D:3:      layout_basic, grunt_gozag_statues, cheibrodos_ashenzari_chains,
          dreamdust_ecumenical_altar_drowned_temple, uniq_crazy_yiuf_cottage
D:4:      layout_cave_pools, minmay_temple_entry_nine_rooms,
          gup_sewer_entry_spiral, corexii_item_surrounded_by_moat
D:5:      layout_basic, uniq_ijyb, uniq_menkaure
D:6:      lemuel_ratsnest, layout_loops_ring,
          nicolae_dithmenos_through_a_glass_darkly,
          nicolae_wu_jian_glorious_leap, serial_bayou_pond_d, uniq_duvessa,
          uniq_eustachio
D:7:      layout_gridville, grunt_decor_clamped, kennysheep_another_room,
          chequers_serial_rivers_micro_d, minmay_manual_monstrance
D:8:      layout_basic, mainiacjoe_overflow_alcove_2,
          mainiacjoe_overflow_cross_hatched, grunt_ministairs_8,
          hex_intersection
D:9:      layout_loops_ring, nicolae_overflow_hidden_temple,
          grunt_lair_entry_orc_guard_hut, uniq_erolcha
D:10:     layout_gridville, mainiacjoe_overflow_small_starburst,
          mainiacjoe_overflow_large_starburst, serial_shops,
          nicolae_take_the_stairs, serial_bayou_pond_e,
          minmay_beelzebubs_servants
D:11:     layout_cave_pools, uniq_erica, uniq_josephine
D:12:     layout_stronghold, david_orc_5, portal_ice_cave_entry_pillars_2
Temple:   minmay_temple_forest_path
Lair:1:   layout_loops_ring, lemuel_fruit_fields
Lair:2:   layout_cellular_growth
Lair:3:   layout_misc_corridors, swamp_mist, grunt_forest_large_clearings,
          serial_bayou_shore_a
Lair:4:   wad_woods_minihive, layout_regular_city, guppyfry_snake_entry_garden,
          kennysheep_snail_temple
Lair:5:   layout_loops_ring, minivault_11, serial_bayou_shore_b,
          serial_bayou_shore_b, grunt_megastairs_3, infiniplex_staircase_pool_2,
          uniq_sonja
Lair:6:   due_jungle_book, layout_regular_city, slime_altar_1,
          nicolae_quartered_pool_super
IceCv:    ice_cave_caverns_02

Skill      XL: |  1  2  3  4  5  6  7  8  9 10 11 12 13 14 |
---------------+-------------------------------------------+-----
Axes           | 3 5 6 7 9 10 12 13 15 16 | 16.0
Dodging        | 1 4 |  4.7
Fighting       | 5 7 |  7.6
Shields        | 3 5 9 14 15 | 15.0
Armour         | 3 |  3.6
Necromancy     | 3 |  3.0
Spellcasting   | 2 |  2.0
Fire Magic     | |  2.6

Action                   |  1- 3 |  4- 6 |  7- 9 | 10-12 | 13-15 || total
-------------------------+-------+-------+-------+-------+-------++-------
Melee: Hand axe          |   158 |   110 |   324 |     6 |    45 ||   643
       War axe           |       |       |   192 |   595 |   690 ||  1477
       Kick              |       |       |       |   148 |   215 ||   363
       Unarmed           |       |       |       |     2 |       ||     2
Throw: Stone             |     3 |     8 |    10 |     8 |     7 ||    36
 Cast: Wereblood         |       |       |       |       |     1 ||     1
Invok: Foxfire Swarm     |     4 |     3 |     4 |       |       ||    11
Evoke: Wand              |       |       |    20 |    22 |     8 ||    50
  Use: Scroll            |     1 |     2 |    13 |    11 |     3 ||    30
       Potion            |       |       |     8 |     7 |     4 ||    19
 Stab: Sleeping          |       |     1 |       |       |       ||     1
Armor: Robe              |    50 |    12 |       |       |       ||    62
       Chain mail        |       |    39 |   207 |    58 |       ||   304
       Skin              |       |       |    24 |       |       ||    24
       Troll leather arm |       |       |       |    20 |       ||    20
       Pearl dragon scal |       |       |       |   125 |   238 ||   363
Dodge: Dodged            |   101 |    45 |   171 |   141 |   159 ||   617
Block: Other             |    22 |    21 |    75 |    10 |       ||   128
       Kite shield       |       |       |       |   358 |   481 ||   839

Table legend: (Time is in decaauts)
 A = Elapsed time spent in this place.
 B = Non-inter-level travel time spent in this place.
 C = Inter-level travel time spent in this place.
 D = Time resting spent in this place.
 E = Time spent auto-exploring this place.
 F = Levels seen in this place.
 G = Mean time per level.
                   A        B        C        D        E       F      G
               +--------+--------+--------+--------+--------+-----+--------+
         Total |  21340 |  19705 |   1635 |   5149 |   9694 |  20 | 1067.0 |
       Dungeon |  14355 |  13048 |   1307 |   4150 |   5846 |  12 | 1196.2 |
        Temple |    361 |    328 |     33 |      0 |    317 |   1 |  361.0 |
          Lair |   5801 |   5507 |    294 |    669 |   3404 |   6 |  966.8 |
      Ice Cave |    821 |    821 |      0 |    330 |    127 |   1 |  821.0 |
               +--------+--------+--------+--------+--------+-----+--------+

Top non-repeatable levels by time:
     D:6: 1973 daAuts
     D:1: 1913 daAuts
     D:4: 1707 daAuts
     D:8: 1479 daAuts
     D:2: 1479 daAuts
  Lair:4: 1396 daAuts
    D:10: 1235 daAuts
     D:9: 1090 daAuts
  Lair:5: 1050 daAuts
  Lair:3: 1017 daAuts
     D:5: 944 daAuts
     D:7: 902 daAuts
  Lair:2: 867 daAuts
  Lair:1: 821 daAuts
   IceCv: 821 daAuts
